 Dungeon Crawl Stone Soup version 0.21-a0-122-g43b3ea6 (webtiles) character file.

6779 KristoblXynda the Covert (level 10, -2/68 HPs)
             Began as a Vampire Berserker on July 13, 2017.
             Was an Elder of Trog.
             Slain by a spiny frog (16 damage)
             ... on level 1 of the Lair of Beasts.
             The game lasted 00:20:51 (11128 turns).

KristoblXynda the Covert (Vampire Berserker)       Turns: 11128, Time: 00:20:51

Health: -2/68      AC: 13    Str: 19    XL:     10   Next: 76%
Magic:  11/11      EV: 10    Int: 10    God:    Trog [****..]
Gold:   469        SH:  5    Dex: 14    Spells: 9/9 levels left

rFire    . . .     SeeInvis +   G - +3 scimitar (flame)
rCold    + . .     Gourm    .   y - +0 buckler
rNeg     + + .     Faith    .   p - +1 scale mail
rPois    +         Spirit   .   (helmet restricted)
rElec    .         Reflect  .   (no cloak)
rCorr    .         Harm     .   H - +0 pair of gloves
MR       +....                  F - +0 pair of boots
Stlth    +++++.....             (no amulet)
HPRegen  0.10/turn              f - +2 ring of protection
MPRegen  0.12/turn              q - ring of poison resistance

@: regenerating slowly
A: fangs 3, horns 1, see invisible, low mp 1, unbreathing, MP-powered wands
a: Bat Form, Berserk, Trog's Hand, Brothers in Arms, Burn Spellbooks, Renounce
Religion


You were on level 1 of the Lair of Beasts.
You worshipped Trog.
Trog was greatly pleased with you.
You were thirsty.

You visited 3 branches of the dungeon, and saw 11 of its levels.
You also visited: Sewer.

You collected 469 gold pieces.

Inventory:

Hand Weapons
 G - a +3 scimitar of flaming (weapon)
Armour
 k - a +2 shield
 l - a +0 helmet
 p - a +1 scale mail (worn)
 y - a +0 buckler (worn)
 F - a +0 pair of boots (worn)
 H - a +0 pair of gloves (worn)
Jewellery
 b - a +1 ring of slaying {unknown}
 f - a +2 ring of protection (left hand)
 q - a ring of poison resistance (right hand)
Wands
 a - a wand of lightning (10/15)
 C - a wand of paralysis (12/24)
Scrolls
 d - 3 scrolls of enchant armour
 h - 3 scrolls of fear
 i - 3 scrolls of teleportation
 j - 6 scrolls of remove curse
 r - a scroll of magic mapping
 D - 3 scrolls of immolation
Potions
 c - 24 potions of blood
 n - a potion of magic {unknown}
 o - a potion of heal wounds
 s - a potion of haste {unknown}
 t - 2 potions of might
 u - 3 potions of ambrosia
 w - 5 potions of curing
 A - 2 potions of degeneration {unknown}
Books
 v - a book of Cantrips

   Spells                             Type                      Level
   a - Confusing Touch                Hexes                        1
   b - Animate Skeleton               Necromancy                   1
   c - Summon Small Mammal            Summoning                    1
   d - Apportation                    Translocation                1
   Trog disapproves of the use of such an item.
 x - a book of Maledictions

   Spells                             Type                      Level
   a - Corona                         Hexes                        1
   b - Ensorcelled Hibernation        Hexes/Ice                    2
   c - Confuse                        Hexes                        3
   d - Tukima's Dance                 Hexes                        3
   e - Dazzling Spray                 Conjuration/Hexes            3
   Trog disapproves of the use of such an item.


   Skills:
 - Level 2.6 Fighting
 + Level 9.6 Long Blades
 + Level 7.9 Armour
 - Level 2.1 Dodging
 - Level 13.0 Stealth
 + Level 2.9 Shields
 + Level 3.4 Evocations


You had 9 spell levels left.
You didn't know any spells.

Dungeon Overview and Level Annotations

Branches:
Dungeon (9/15)             Temple (1/1) D:6            Lair (1/6) D:9
    Orc (0/2) D:9

Altars:
Ashenzari
Cheibriados
Dithmenos
Elyvilon
Fedhas
Gozag
Hepliaklqana
Kikubaaqudgha
Makhleb
Nemelex Xobeh
Okawaru
Qazlal
Ru
Sif Muna
Trog
Uskayaw
Vehumet
Xom
Yredelemnul
Zin
The Shining One

Shops:
D:7 [


Innate Abilities, Weirdness & Mutations

You heal slowly.
You have razor-sharp teeth.
You have supernaturally acute eyesight. (SInv)
You can survive without breathing.
You have a pair of small horns on your head.
Your magical capacity is low. (-10% MP)
You expend magic power (3 MP) to strengthen your wands.


Message History

You draw the spiny frog's blood!
You feel better.
You feel slightly less thirsty.
The spiny frog is severely wounded.
Unknown command.
You hit the bullfrog. You burn the bullfrog. Your headbutt misses the bullfrog.
The bullfrog is lightly wounded.
The bullfrog hits you but does no damage.
The spiny frog stings you!!
You closely miss the bullfrog. Your headbutt misses the bullfrog.
The bullfrog is lightly wounded.
The bullfrog hits you. The spiny frog stings you!
The bullfrog barely misses you.
You slash the bullfrog! You burn the bullfrog.
You kill the bullfrog!
Trog accepts your kill.
The spiny frog stings you but does no damage.
The spiny frog stings you!
* * * LOW HITPOINT WARNING * * *
The spiny frog stings you!
You die...

............ # .## ♣
♣........##.# .% ..♣♣.
♣..........# .#
.(.♣.♣♣.♣♣♣♣........# .#
#...♣♣...♣♣)........# .#
##.................(.##
.###.........♣.....♣.....#
.#.#........♣♣♣♣.♣♣♣♣...##
............♣♣♣♣@♣♣♣♣...#
.............♣...F♣....P#
..................(.....#
.............♣♣.........#
.##.........♣♣♣.........##
.####.......♣♣♣♣...[....P#
.# #........♣♣.........##
.# #................(.##
.# ##.##..#..##.#.#.#.##


You could see a spiny frog.

Vanquished Creatures
  Erica (D:9)
  Pikel (D:7)
  The ghost of KristoblXynda the Chopper, a novice DDFi of Trog (D:6)
  The ghost of KristoblXynda the Chopper, a novice DDFi (D:5)
  A spiny frog (Lair:1)
  A komodo dragon (Lair:1)
  A wyvern (D:8)
  4 yaks (D:5)
  A steam dragon (D:9)
  Edmund (D:6)
  2 water moccasins (Lair:1)
  2 ice beasts
  2 sky beasts
  Purgy (Sewer)
  A black bear (D:9)
  A slave (D:7)
  A necrophage (D:5)
  3 orc warriors
  3 phantoms
  3 ogres
  2 centaurs
  A crocodile (Lair:1)
  4 bullfrogs
  A wyvern zombie (D:9)
  3 killer bees (D:8)
  A scorpion (D:5)
  A howler monkey (D:4)
  A centaur zombie (D:7)
  2 quasits (D:9)
  2 bullfrog skeletons
  5 hounds
  3 orc priests
  6 orc wizards
  3 iguanas
  2 worker ants
  2 hound skeletons
  A worker ant zombie (D:8)
  12 adders
  7 gnolls
  A river rat (D:4)
  A shadow imp (D:5)
  An adder zombie (D:8)
  2 adder skeletons
  2 worms
  2 dart slugs
  4 leopard geckos
  26 orcs
  A ball python (Sewer)
  6 giant cockroaches
  8 goblins
  7 hobgoblins
  8 jackals
  2 quokkas
  6 bats
  5 frilled lizards
  A jackal skeleton (D:7)
  8 kobolds
  2 quokka skeletons
  6 rats
190 creatures vanquished.

Vanquished Creatures (others)
  2 slaves (D:7)
  An ogre (D:7)
  An adder (D:7)
  A gnoll (D:7)
5 creatures vanquished.

Grand Total: 195 creatures vanquished

Notes
Turn   | Place    | Note
-------+----------+-------------------------------------------
     0 | D:1      | KristoblXynda the Vampire Berserker began the quest for the Orb.
     0 | D:1      | Reached XP level 1. HP: 17/17 MP: 1/1
   100 | D:1      | Reached skill level 1 in Stealth
   102 | D:1      | Reached XP level 2. HP: 8/23 MP: 2/2
   441 | D:1      | Reached skill level 2 in Stealth
  1026 | D:2      | Reached XP level 3. HP: 28/28 MP: 3/3
  1044 | D:2      | Found a hazy altar of Hepliaklqana.
  1046 | D:2      | Found a shimmering altar of Xom.
  1046 | D:2      | Noticed a tyrant leech
  1047 | D:2      | Noticed a spectral ugly thing
  1047 | D:2      | Noticed a tyrant leech
  1293 | D:2      | Reached ** piety under Trog
  1699 | D:2      | Reached XP level 4. HP: 33/34 MP: 4/4
  1928 | D:3      | Reached skill level 3 in Stealth
  2197 | D:3      | Found an iron altar of Okawaru.
  2278 | D:3      | Found a shadowy altar of Dithmenos.
  2673 | D:4      | Noticed a phantom
  2682 | D:4      | Reached skill level 4 in Stealth
  2687 | D:4      | Reached XP level 5. HP: 25/39 MP: 5/5
  2792 | D:4      | Killed a phantom
  2792 | D:4      | Reached skill level 5 in Stealth
  2792 | D:4      | Reached XP level 6. HP: 9/46 MP: 6/6
  2844 | D:4      | Found a glowing drain.
  2885 | Sewer    | Entered a sewer
  3408 | Sewer    | Noticed Purgy
  3415 | Sewer    | Killed Purgy
  3415 | Sewer    | Reached skill level 5 in Long Blades
  3415 | Sewer    | Reached skill level 6 in Stealth
  3561 | D:4      | Found a burning altar of Makhleb.
  3809 | D:4      | Gained mutation: Potions are less effective at restoring your health. [potion of mutation]
  3809 | D:4      | Gained mutation: You are occasionally teleported next to monsters. [potion of mutation]
  3809 | D:4      | Gained mutation: You are resistant to hostile enchantments. (MR+) [potion of mutation]
  3810 | D:4      | Lost mutation: Potions are less effective at restoring your health. [potion of mutation]
  3810 | D:4      | Lost mutation: You are occasionally teleported next to monsters. [potion of mutation]
  3810 | D:4      | Lost mutation: You are resistant to hostile enchantments. (MR+) [potion of mutation]
  3810 | D:4      | Gained mutation: You expend magic power (3 MP) to strengthen your wands. [potion of mutation]
  3810 | D:4      | Gained mutation: Your magical capacity is low. (-10% MP) [potion of mutation]
  3810 | D:4      | Gained mutation: You have a pair of small horns on your head. [potion of mutation]
  3814 | D:5      | Entered Level 5 of the Dungeon
  4122 | D:5      | Reached XP level 7. HP: 40/51 MP: 6/6
  4380 | D:5      | Noticed KristoblXynda's ghost (novice DDFi)
  4425 | D:5      | Killed KristoblXynda's ghost
  4425 | D:5      | Reached skill level 8 in Stealth
  4783 | D:5      | Noticed a yak
  4783 | D:5      | Noticed a yak
  4784 | D:5      | Noticed a yak
  4784 | D:5      | Noticed a yak
  4793 | D:5      | Killed a yak
  4793 | D:5      | Reached XP level 8. HP: 55/57 MP: 7/7
  4796 | D:5      | Reached *** piety under Trog
  4802 | D:5      | Reached skill level 5 in Armour
  4802 | D:5      | Reached skill level 9 in Stealth
  4947 | D:5      | Reached skill level 10 in Stealth
  4966 | D:6      | Noticed KristoblXynda's ghost (novice DDFi)
  5550 | D:6      | Killed KristoblXynda's ghost
  5550 | D:6      | Reached XP level 9. HP: 37/62 MP: 8/8
  6035 | D:6      | Reached skill level 11 in Stealth
  6255 | D:6      | Noticed Edmund
  6271 | D:6      | Killed Edmund
  6287 | D:6      | Found a staircase to the Ecumenical Temple.
  6293 | Temple   | Entered the Ecumenical Temple
  6960 | D:7      | Noticed Pikel
  6985 | D:7      | Killed Pikel
  7504 | D:7      | Reached skill level 12 in Stealth
  8485 | D:7      | Found Eculeemn's Armour Shoppe.
  8828 | D:8      | Found a radiant altar of Vehumet.
  9629 | D:8      | Reached XP level 10. HP: 37/68 MP: 9/9
  9769 | D:8      | Reached skill level 1 in Evocations
  9912 | D:8      | Reached **** piety under Trog
  9956 | D:8      | Found a deep blue altar of Sif Muna.
  9956 | D:8      | Found a snail-covered altar of Cheibriados.
  9977 | D:8      | Found a bloodstained altar of Trog.
  9979 | D:8      | Found a hide-covered altar of Uskayaw.
  9980 | D:8      | Found a white marble altar of Elyvilon.
 10196 | D:9      | Found a staircase to the Lair.
 10196 | D:9      | Found a staircase to the Orcish Mines.
 10425 | D:9      | Reached skill level 1 in Shields
 10566 | D:9      | Noticed Erica
 10578 | D:9      | Killed Erica
 10578 | D:9      | Reached skill level 13 in Stealth
 10894 | Lair:1   | Entered Level 1 of the Lair of Beasts
 10894 | Lair:1   | Noticed a spiny frog
 10906 | Lair:1   | Killed a spiny frog
 11102 | Lair:1   | Noticed a spiny frog
 11128 | Lair:1   | Slain by a spiny frog

Vault maps used:
D:1:      lemuel_arrival_hallway
D:2:      regret_index_temple_of_mockery
D:3:      okawaru_ov_weapons_minmay, grunt_dithmenos_smoke
D:4:      bloody_makhleb, portal_sewer_entry_c, first_bread,
          hangedman_abyss_or_decor_stabs
D:5:      nicolae_overflow_hidden_temple
D:6:      minmay_temple_entry_fiery, uniq_edmund
D:7:      serial_shops, nicolae_shop_trees, uniq_pikel
D:8:      chequers_temple_overflow_minitemple, basic_altar
D:9:      lair_entry_dummy, orc_0_dummy, uniq_erica
Temple:   minmay_temple_bridge_abc
Lair:1:   nicolae_lair_grove_arrangements, st_stairs_7,
          infiniplex_staircase_pool_2
Sewer:    sewer_co_purgy_island

Skill      XL: |  1  2  3  4  5  6  7  8  9 10 |
---------------+-------------------------------+-----
Stealth        | 1 2 4 5 6 8 10 12 13 | 13.0
Armour         | 2 3 4 5 7 |  7.9
Long Blades    | 4 5 6 7 8 9 |  9.6
Evocations     | 3 |  3.4
Shields        | 2 |  2.9
Fighting       | |  2.6
Dodging        | |  2.1

Action                   |  1- 3 |  4- 6 |  7- 9 | 10-12 || total
-------------------------+-------+-------+-------+-------++-------
Melee: Falchion          |    80 |   161 |    77 |       ||   318
       Bite              |    10 |    28 |    37 |    22 ||    97
       Headbutt          |       |     7 |    65 |    39 ||   111
       Long sword        |       |       |   185 |   112 ||   297
       Scimitar          |       |       |       |    61 ||    61
Invok: Berserk           |     2 |     2 |     7 |     3 ||    14
       Trog's Hand       |     1 |       |     2 |       ||     3
  Use: Potion            |     2 |    12 |    17 |     7 ||    38
       Scroll            |       |    15 |     7 |     2 ||    24
 Stab: Sleeping          |     7 |     3 |    13 |     8 ||    31
       Distracted        |       |     1 |     1 |       ||     2
       Invisible         |       |       |     3 |       ||     3
Armor: Animal skin       |     9 |       |       |       ||     9
       Scale mail        |       |    75 |    92 |    75 ||   242
Dodge: Dodged            |    51 |   100 |   116 |   110 ||   377
Block: Buckler           |       |       |       |    23 ||    23
       Rpst.: Falchion   |    22 |    34 |    14 |       ||    70
       Long sword        |       |       |    24 |    24 ||    48
       Scimitar          |       |       |       |    10 ||    10
